 Dungeon Crawl Stone Soup version 0.25-a0-890-g62861fb195 (webtiles) character file.

Game seed: 7461608831215203659, levelgen mode: deterministic

1567 Hasart the Ducker (level 8, -2/54 HPs)
             Began as an Octopode Transmuter on May 3, 2020.
             Slain by a quokka (4 damage)
             ... on level 7 of the Dungeon.
             The game lasted 00:14:29 (8059 turns).

Hasart the Ducker (Octopode Transmuter)             Turns: 8059, Time: 00:14:30

Health: -2/54      AC:  1    Str:  9    XL:     8   Next: 90%
Magic:  14/14      EV: 15    Int: 18    God:
Gold:   369        SH:  0    Dex: 12    Spells: 9/15 levels left

rFire    . . .     SeeInvis .   r - +4 trident
rCold    + . .     Gourm    .   (no shield)
rNeg     . . .     Faith    .   (helmet restricted)
rPois    .         Spirit   .   (no amulet)
rElec    .         Reflect  .   m - ring of resist corrosion
rCorr    +         Harm     .   f - ring of protection from cold
MR       .....                  (no ring)
Stlth    ++........             (no ring)
HPRegen  0.18/turn              (no ring)
MPRegen  0.14/turn              (no ring)
                                (no ring)
                                (no ring)

@: appendage
A: almost no armour, stealthy swim, amphibious, 8 rings, constrict 8, tentacle
spike 3, camouflage 1, gelatinous body 1
a: End Transformation


You were on level 7 of the Dungeon.
You were near starving.
One of your tentacles had a temporary spike.
You visited 2 branches of the dungeon, and saw 8 of its levels.

You collected 369 gold pieces.

Inventory:

Hand Weapons
 r - a +4 trident (weapon)
Missiles
 a - 101 arrows
Jewellery
 f - a ring of protection from cold (right tentacle)
 m - a ring of resist corrosion (left tentacle)
Wands
 x - a wand of polymorph (5)
Scrolls
 b - 2 scrolls of immolation
 d - 2 scrolls of magic mapping
 e - a scroll of fog
 k - 5 scrolls of identify
 o - 2 scrolls of enchant armour {unknown}
 p - a scroll of random uselessness {unknown}
 s - 3 scrolls of teleportation
 t - 2 scrolls of amnesia
 v - a scroll of remove curse
 w - a scroll of enchant weapon {unknown}
 y - a scroll of vulnerability {unknown}
Potions
 g - a potion of brilliance
 h - a potion of ambrosia {unknown}
 i - a potion of berserk rage {unknown}
 j - 2 potions of mutation {unknown}
 l - 4 potions of curing
 n - 3 potions of degeneration {unknown}
 q - a potion of stabbing {unknown}
 u - 2 potions of might {unknown}
 z - 3 potions of flight {unknown}
Comestibles
 c - 12 rations


   Skills:
 + Level 4.6 Fighting
 - Level 3.0 Polearms
 + Level 5.1 Dodging
 - Level 3.9 Unarmed Combat
 - Level 4.0 Spellcasting
 + Level 5.0 Transmutations
 + Level 4.9 Poison Magic


You had 9 spell levels left.
You knew the following spells:

 Your Spells              Type           Power        Failure   Level  Hunger
a - Beastly Appendage     Tmut           ###...       1%          1    None
b - Sticks to Snakes      Tmut           ###.....     2%          2    ##.....
c - Spider Form           Tmut/Pois      ###.......   6%          3    ###....

Your spell library contained the following spells:

 Spells                   Type           Power        Failure   Level  Hunger
 Animate Skeleton         Necr           N/A          14%         1    None
 Apportation              Tloc           #.....       14%         1    None
 Corona                   Hex            #......      14%         1    None
 Summon Small Mammal      Summ           #...         14%         1    None
 Ice Form                 Ice/Tmut       ##......     45%         4    ####...
 Blade Hands              Tmut           ###.......   45%         5    ######.


Dungeon Overview and Level Annotations

Branches:
Dungeon (7/15)             Temple (1/1) D:5

Altars:
Ashenzari
Cheibriados
Dithmenos
Elyvilon
Fedhas
Hepliaklqana
Kikubaaqudgha
Makhleb
Nemelex Xobeh
Okawaru
Qazlal
Sif Muna
Trog
Uskayaw
Vehumet
Wu Jian
Xom
Zin
The Shining One

Shops:
D:5 =   D:6 (


Innate Abilities, Weirdness & Mutations

You cannot wear most types of armour.
You are very stealthy in the water. (Stealth+)
You are amphibious.
You can wear up to eight rings at the same time.
You can use your tentacles to constrict eight enemies at once.
Your skin changes colour to match your surroundings (Stealth+).
Your rubbery body absorbs attacks. (AC +1, EV +1)
One of your tentacles bears a large vicious spike.


Message History

The orc hits you with a +0 dagger.
* * * LOW HITPOINT WARNING * * *
You closely miss the orc. You grab the orc. You constrict the orc.
The quokka closely misses you. The orc hits you with a +0 club.
* * * LOW HITPOINT WARNING * * *
The orc hits you with a +0 dagger.
* * * LOW HITPOINT WARNING * * *
The quokka closely misses you. The orc hits you with a +0 club.
* * * LOW HITPOINT WARNING * * *
You hit the orc. Your grab misses the orc.
Your tentacle spike misses the orc.
You squeeze the orc.
You kill the orc!
Your Transmutations skill increases to level 5!
You constrict the orc. The quokka closely misses you.
The orc hits you with a +0 club.
* * * LOW HITPOINT WARNING * * *
You puncture the orc!
You kill the orc!
The quokka bites you.
You die...

#.....#
+.....+
#.....#
#.....#
#.....#
#.....#
#.)r).#
#..@).#
#.....#
#....(#
#.....#
#....?+
#.....#
#.....#
#.....#
#.....#


You could see a quokka.

Vanquished Creatures
  An ice beast (D:6)
  A black bear (D:6)
  A phantom (D:5)
  An ogre (D:6)
  A centaur (D:5)
  3 bullfrogs (D:6)
  3 scorpions (D:6)
  2 howler monkeys
  2 bullfrog zombies
  A crimson imp (D:5)
  3 hounds
  2 orc priests
  A bullfrog skeleton (D:6)
  A jelly (D:6)
  An orc wizard (D:6)
  6 worker ants
  2 hound skeletons
  A howler monkey skeleton (D:4)
  9 adders
  2 gnolls (D:6)
  A shadow imp (D:6)
  An adder zombie (D:6)
  An adder skeleton (D:5)
  3 worms
  4 dart slugs
  6 leopard geckos
  14 orcs
  8 bats
  3 giant cockroaches
  3 goblins
  5 hobgoblins
  2 jackals (D:5)
  3 quokkas
  6 frilled lizards
  A jackal skeleton (D:6)
  7 kobolds
  A quokka skeleton (D:4)
  4 rats
117 creatures vanquished.

Notes
Turn   | Place    | Note
-------+----------+-------------------------------------------
     0 | D:1      | Hasart the Octopode Transmuter began the quest for the Orb.
     0 | D:1      | Reached XP level 1. HP: 13/13 MP: 3/3
     2 | D:1      | Noticed a halfling
     2 | D:1      | Noticed a vampire
     4 | D:1      | Noticed an octopode
     4 | D:1      | Noticed a spriggan
     6 | D:1      | Noticed a draconian
     6 | D:1      | Noticed a ghoul
    10 | D:1      | Noticed a centaur
    12 | D:1      | Noticed a minotaur
    12 | D:1      | Noticed a vine stalker
    14 | D:1      | Noticed a human
    16 | D:1      | Noticed a merfolk
    16 | D:1      | Noticed a formicid
    18 | D:1      | Noticed a tengu
    18 | D:1      | Noticed a felid
    20 | D:1      | Noticed a dwarf
    20 | D:1      | Noticed a naga
    22 | D:1      | Noticed a troll
    22 | D:1      | Noticed a demigod
    24 | D:1      | Noticed an elf
    24 | D:1      | Noticed a gargoyle
    26 | D:1      | Noticed an ogre
    26 | D:1      | Noticed a demonspawn
   365 | D:1      | Reached XP level 2. HP: 13/18 MP: 5/5
  1014 | D:2      | Found a white marble altar of Elyvilon.
  1015 | D:2      | Found an ornate altar of the Wu Jian Council.
  1246 | D:2      | Reached XP level 3. HP: 22/23 MP: 6/6
  1414 | D:2      | Found a blossoming altar of Fedhas.
  2374 | D:3      | Reached XP level 4. HP: 23/29 MP: 7/7
  2451 | D:3      | Learned a level 2 spell: Sticks to Snakes
  2455 | D:3      | Learned a level 3 spell: Spider Form
  2574 | D:3      | Found a faded altar of an unknown god.
  3564 | D:4      | Reached skill level 1 in Poison Magic
  3564 | D:4      | Reached XP level 5. HP: 29/34 MP: 8/8
  3753 | D:4      | Found a shadowy altar of Dithmenos.
  3760 | D:4      | Reached skill level 1 in Polearms
  4043 | D:4      | Reached XP level 6. HP: 41/41 MP: 9/9
  4411 | D:5      | Entered Level 5 of the Dungeon
  4787 | D:5      | Noticed a phantom
  4833 | D:5      | Killed a phantom
  4833 | D:5      | Reached XP level 7. HP: 12/45 MP: 5/11
  5219 | D:5      | Found an ancient bone altar of Kikubaaqudgha.
  5341 | D:5      | Found Nel Gaz's Jewellery Emporium.
  5412 | D:5      | Found a staircase to the Ecumenical Temple.
  5484 | Temple   | Entered the Ecumenical Temple
  6478 | D:6      | Found Waschebb's Antique Weapon Boutique.
  6498 | D:6      | Reached XP level 8. HP: 28/52 MP: 11/13
  7734 | D:6      | Reached skill level 5 in Dodging
  7748 | D:6      | Found Jiqan's Book Emporium.
  8058 | D:7      | Reached skill level 5 in Transmutations
  8058 | D:7      | HP: 2/54 [orc/+0 club (3)]
  8059 | D:7      | Slain by a quokka

Levels and vault maps discovered:
D:1:      kb_arrival_jail, layout_basic, supply_closet_lemuel
D:2:      layout_rooms, grunt_temple_overflow_open, fedhas_altar_1
D:3:      layout_loops_ring, chequers_ecumenical_altar_simple_redux
D:4:      layout_rooms, serial_corexii_hall, corexii_hall_statues_t,
          corexii_hall_statues_u, minmay_misc_feat_x,
          grunt_dithmenos_smoke_and_mirrors
D:5:      layout_layer_cave, minmay_temple_entry_hall, first_ration,
          basic_altar, serial_shops, shop_fountains
D:6:      layout_basic, serial_shops, shop, shop, grunt_decor_one_mirror
D:7:      layout_gridville, nicolae_overflow_hidden_temple, uniq_duvessa
Temple:   eino_temple_rhombus

Skill      XL: |  1  2  3  4  5  6  7  8 |
---------------+-------------------------+-----
Fighting       | 2 3 4 |  4.6
Poison Magic   | 1 2 3 4 |  4.9
Dodging        | 3 4 5 |  5.1
Polearms       | 1 2 3 |  3.0
Transmutations | 3 4 5 |  5.0
Spellcasting   | 3 4 |  4.0
Unarmed Combat | |  3.9

Action                   |  1- 3 |  4- 6 |  7- 9 || total
-------------------------+-------+-------+-------++-------
Melee: Unarmed           |    90 |    26 |       ||   116
       Constrict         |    26 |    28 |    29 ||    83
       Kick              |     2 |     4 |     1 ||     7
       Tentacles         |    11 |    16 |    26 ||    53
       Punch             |     1 |     2 |     6 ||     9
       Trident           |       |    85 |   127 ||   212
 Cast: Beastly Appendage |     2 |     4 |     1 ||     7
       Sticks to Snakes  |       |     3 |       ||     3
  Use: Scroll            |     2 |     5 |       ||     7
       Potion            |       |     1 |       ||     1
 Stab: Sleeping          |     5 |     6 |     3 ||    14
  Eat: Chunk             |     4 |     8 |     9 ||    21
Armor: Skin              |    23 |     7 |     2 ||    32
Dodge: Dodged            |    40 |    72 |   102 ||   214

Table legend:
 A = Non-vault XP
 B = Vault XP
 C = Vault XP percentage of total XP
 D = Non-vault monster count
 E = Vault monster count
 F = Vault count percentage of total count
                 A         B        C        D         E       F
            +---------+---------+-------+---------+---------+-------
      Total |    2239 |       0 |   0.0 |     117 |       0 |   0.0
            +---------+---------+-------+---------+---------+-------
        D:1 |      15 |       0 |   0.0 |      11 |       0 |   0.0
        D:2 |      60 |       0 |   0.0 |      21 |       0 |   0.0
        D:3 |      66 |       0 |   0.0 |      18 |       0 |   0.0
        D:4 |     287 |       0 |   0.0 |      17 |       0 |   0.0
        D:5 |     530 |       0 |   0.0 |      17 |       0 |   0.0
        D:6 |    1229 |       0 |   0.0 |      29 |       0 |   0.0
        D:7 |      52 |       0 |   0.0 |       4 |       0 |   0.0
            +---------+---------+-------+---------+---------+-------
